 Dungeon Crawl Stone Soup version 0.22.0-75-g3901e79 (webtiles) character file.

7862 Fang the Cleaver (level 11, -1/69 HPs)
             Began as a Gargoyle Berserker on Sept 14, 2018.
             Was a High Priest of Trog.
             Slain by an unseen horror (5 damage)
             ... on level 10 of the Dungeon.
             The game lasted 00:19:58 (11514 turns).

Fang the Cleaver (Gargoyle Berserker)              Turns: 11514, Time: 00:19:59

Health: -1/69      AC: 14    Str: 23    XL:     11   Next: 21%
Magic:  11/11      EV: 14    Int: 14    God:    Trog [*****.]
Gold:   254        SH:  0    Dex:  9    Spells: 10/10 levels left

rFire    + . .     SeeInvis .   x - +0 hand axe (venom)
rCold    + + .     Gourm    .   (no shield)
rNeg     + . .     Faith    +   E - +1 leather armour "Ofatunla" {rElec rCorr Int+3}
rPois    ∞         Spirit   .   (no helmet)
rElec    +         Reflect  .   (no cloak)
rCorr    +         Harm     .   (no gloves)
MR       .....                  (no boots)
Stlth    ++++......             v - amulet of faith
HPRegen  0.21/turn              j - ring of protection from cold
MPRegen  0.12/turn              t - ring of stealth

@: resistant
A: iridescent scales 1, clever 1, deterioration 1, negative energy resistance 1,
electricity resistance, unbreathing, petrification resistance, rot immunity, AC
+8
a: Berserk, Trog's Hand, Brothers in Arms, Renounce Religion


You were on level 10 of the Dungeon.
You worshipped Trog.
Trog was extremely pleased with you.
You were very hungry.

You visited 2 branches of the dungeon, and saw 11 of its levels.

You collected 539 gold pieces.
You spent 285 gold pieces at shops.

Inventory:

Hand Weapons
 o - a +5 battleaxe
 x - a +0 hand axe of venom (weapon)
 F - a +0 battleaxe of chopping
Armour
 A - the +3 leather armour "Icif" {Str+7}
   (You found it on level 5 of the Dungeon)

   It affects your strength (+7).
 E - the +1 leather armour "Ofatunla" (worn) {rElec rCorr Int+3}
   (You found it on level 6 of the Dungeon)

   It affects your intelligence (+3).
   It insulates you from electricity.
   It provides partial protection from all sources of acid and corrosion.
Jewellery
 h - an uncursed ring of resist corrosion
 j - a ring of protection from cold (left hand)
 t - a ring of stealth (right hand)
 v - an amulet of faith (around neck)
 y - an uncursed amulet of harm
Wands
 i - a wand of acid (8)
 l - a wand of polymorph (6)
 r - a wand of enslavement (17)
Scrolls
 a - 2 scrolls of identify
 d - 2 scrolls of blinking
 e - 2 scrolls of teleportation
 k - 4 scrolls of remove curse
 m - a scroll of enchant armour
 n - a scroll of fear
Potions
 b - 2 potions of haste
 f - a potion of invisibility {unknown}
 g - 4 potions of magic {unknown}
 p - a potion of resistance
 q - 3 potions of flight
 s - a potion of might
 u - 2 potions of ambrosia
 z - 3 potions of agility
 B - 5 potions of curing
 D - a potion of lignification
Miscellaneous
 w - a phial of floods
Comestibles
 c - 17 rations


   Skills:
 + Level 8.3 Fighting
 + Level 10.9 Axes
 + Level 5.3 Armour
 + Level 6.6 Dodging
 + Level 6.3 Stealth


You had 10 spell levels left.
You didn't know any spells.
Your spell library was empty.

Dungeon Overview and Level Annotations

Branches:
Dungeon (10/15)            Temple (1/1) D:7            Lair (0/6) D:10
    Orc (0/2) D:9

Altars:
Ashenzari
Cheibriados
Dithmenos
Elyvilon
Fedhas
Gozag
Hepliaklqana
Kikubaaqudgha
Makhleb
Nemelex Xobeh
Okawaru
Qazlal
Ru
Sif Muna
Trog
Uskayaw
Vehumet
Wu Jian
Xom
Yredelemnul
Zin
The Shining One

Shops:
D:8 (


Innate Abilities, Weirdness & Mutations

You are resistant to torment.
Your stone body is resilient. (AC +8)
You are immune to poison.
You resist negative energy. (rN+)
You are resistant to electric shocks. (rElec)
You can survive without breathing.
You are immune to petrification.
You are immune to rotting.
You are partially covered in iridescent scales. (AC +2)
Your mind is acute. (Int +2)
Your body sometimes deteriorates upon taking damage.


Message History

Something hits you but does no damage. Something hits you.
* * * LOW HITPOINT WARNING * * *
Something hits you.
* * * LOW HITPOINT WARNING * * *
Something completely misses you. Something hits you but does no damage.
You closely miss something. Something hits you!
* * * LOW HITPOINT WARNING * * *
Something hits you but does no damage. Something hits you but does no damage.
You miss something. Something hits you.
* * * LOW HITPOINT WARNING * * *
Something hits you but does no damage. Something hits you.
* * * LOW HITPOINT WARNING * * *
Something hits you.
* * * LOW HITPOINT WARNING * * *
Okay, then.
As you read the scroll labeled PEOLOA YDOQ, it crumbles to dust.
You speak a Word of immense power!
It was a scroll of holy word.
Something hits you.
You die...

# ##########
###.##........#
..............#
###.##.......§####
....+........'{@#
###.##........##§#
..........>....#§#
..#.#(....#.#.##§#
<...#...).'...##.#
..#.#.....##..##.#
..#.#.........##.#
...(......#....#.#
#.#......##....#.#


There were no monsters in sight!

Vanquished Creatures
  Harold (D:8)
  An ugly thing (D:10)
  A hornet (D:9)
  A hippogriff (D:9)
  2 hungry ghosts
  A water moccasin (D:9)
  A porcupine (D:10)
  A black bear (D:9)
  8 ice beasts
  2 sky beasts
  4 orc warriors
  A hornet zombie (D:9)
  A phantom (D:9)
  2 ogres
  3 centaurs
  3 big kobolds
  5 bullfrogs
  4 scorpions
  23 killer bees
  5 wights (D:9)
  2 electric eels (D:10)
  2 bullfrog zombies
  5 crimson imps
  2 bullfrog skeletons
  3 hounds
  3 centaur skeletons
  3 orc priests (D:9)
  2 gnoll shamans
  2 hell rats (D:10)
  An iguana (D:4)
  10 worker ants
  Natasha (thrice) (D:4)
  5 orc wizards
  A killer bee zombie (D:7)
  A worker ant zombie (D:8)
  2 hound skeletons
  6 gnolls
  A howler monkey skeleton (D:7)
  8 adders
  A shadow imp (D:7)
  An ooze (D:1)
  An adder zombie (D:10)
  An adder skeleton (D:4)
  3 worms (D:2)
  A dart slug (D:1)
  7 leopard geckos
  26 orcs
  5 bats
  5 giant cockroaches
  14 goblins
  9 hobgoblins
  2 jackals (D:6)
  18 kobolds
  3 quokkas
  2 ball pythons
  5 frilled lizards
  A leopard gecko zombie (D:6)
  8 rats
245 creatures vanquished.

Vanquished Creatures (others)
  A centaur (D:6)
  A bullfrog (D:6)
  2 adders (D:6)
4 creatures vanquished.

Grand Total: 249 creatures vanquished

Notes
Turn   | Place    | Note
-------+----------+-------------------------------------------
     0 | D:1      | Fang the Gargoyle Berserker began the quest for the Orb.
     0 | D:1      | Reached XP level 1. HP: 14/14 MP: 1/1
   403 | D:1      | Reached XP level 2. HP: 15/19 MP: 2/2
   420 | D:1      | Reached skill level 3 in Axes
  1129 | D:1      | Reached XP level 3. HP: 24/24 MP: 3/3
  1629 | D:2      | Found a hazy altar of Hepliaklqana.
  1654 | D:2      | Reached ** piety under Trog
  1975 | D:2      | Found a faded altar of an unknown god.
  2055 | D:2      | Found a stormy altar of Qazlal.
  2059 | D:2      | Found a shadowy altar of Dithmenos.
  2513 | D:3      | Reached XP level 4. HP: 27/29 MP: 4/4
  2527 | D:3      | Found an ancient bone altar of Kikubaaqudgha.
  2819 | D:3      | Reached skill level 4 in Axes
  3337 | D:4      | Reached XP level 5. HP: 17/33 MP: 5/5
  3626 | D:4      | Reached skill level 1 in Stealth
  3626 | D:4      | Reached XP level 6. HP: 37/38 MP: 6/6
  3674 | D:4      | Noticed Natasha
  3686 | D:4      | Killed Natasha
  3971 | D:4      | Reached *** piety under Trog
  3991 | D:4      | Noticed Natasha
  3996 | D:4      | Reached skill level 5 in Axes
  3998 | D:4      | Killed Natasha
  4217 | D:4      | Noticed Natasha
  4237 | D:4      | Killed Natasha
  4344 | D:4      | Found a deep blue altar of Sif Muna.
  4505 | D:4      | Reached XP level 7. HP: 27/44 MP: 7/7
  4706 | D:5      | Entered Level 5 of the Dungeon
  4754 | D:5      | Got a brightly glowing leather armour
  4765 | D:5      | Identified the +3 leather armour "Icif" {Str+7} (You found
                  | it on level 5 of the Dungeon)
  5312 | D:5      | Reached skill level 5 in Fighting
  5656 | D:6      | Got a dazzling leather armour
  5667 | D:6      | Identified the cursed +1 leather armour "Ofatunla" {rElec
                  | rCorr Int+3} (You found it on level 6 of the Dungeon)
  5743 | D:6      | Reached **** piety under Trog
  5967 | D:6      | Found a shimmering altar of Xom.
  5978 | D:6      | Reached skill level 6 in Axes
  5988 | D:6      | Reached XP level 8. HP: 30/49 MP: 8/8
  6895 | D:7      | Reached skill level 7 in Axes
  7126 | D:7      | Reached XP level 9. HP: 55/55 MP: 9/9
  7222 | D:7      | Found a staircase to the Ecumenical Temple.
  7280 | Temple   | Entered the Ecumenical Temple
  7418 | D:7      | Found a glowing golden altar of the Shining One.
  7431 | D:7      | Found an ornate altar of the Wu Jian Council.
  7455 | D:7      | Reached ***** piety under Trog
  7902 | D:8      | Reached skill level 5 in Dodging
  7907 | D:8      | Reached skill level 8 in Axes
  7910 | D:8      | Received a gift from Trog
  8047 | D:8      | Found Atady's Antique Weapon Shop.
  8050 | D:8      | Bought a glowing battleaxe for 285 gold pieces
  8096 | D:8      | Found a hide-covered altar of Uskayaw.
  8158 | D:8      | Gained mutation: Your body sometimes deteriorates upon
                  | taking damage. [potion of mutation]
  8158 | D:8      | Gained mutation: Your mind is acute. (Int +2) [potion of
                  | mutation]
  8158 | D:8      | Gained mutation: You are partially covered in iridescent
                  | scales. (AC +2) [potion of mutation]
  8532 | D:8      | Noticed Harold
  8548 | D:8      | Killed Harold
  8548 | D:8      | Reached XP level 10. HP: 41/61 MP: 10/10
  8957 | D:9      | Reached skill level 9 in Axes
  8957 | D:9      | Reached skill level 5 in Armour
  8957 | D:9      | Reached skill level 5 in Stealth
  9561 | D:9      | Found a staircase to the Orcish Mines.
  9838 | D:9      | Reached skill level 10 in Axes
 10222 | D:9      | Found a snail-covered altar of Cheibriados.
 10328 | D:10     | Entered Level 10 of the Dungeon
 10624 | D:10     | Noticed a red ugly thing
 10642 | D:10     | Killed a red ugly thing
 10642 | D:10     | Reached XP level 11. HP: 68/68 MP: 11/11
 11124 | D:10     | Paralysed by fainting for 12 turns
 11339 | D:10     | Noticed a death yak
 11342 | D:10     | Noticed a death yak
 11342 | D:10     | Noticed a death yak
 11343 | D:10     | Found a staircase to the Lair.
 11514 | D:10     | Slain by an unseen horror

Skill      XL: |  1  2  3  4  5  6  7  8  9 10 11 |
---------------+----------------------------------+-----
Axes           | 3 4 5 6 7 8 10 | 10.9
Dodging        | 2 3 4 5 6 |  6.6
Fighting       | 4 5 6 7 8 |  8.3
Stealth        | 1 3 4 6 |  6.3
Armour         | 3 4 5 |  5.3

Action                   |  1- 3 |  4- 6 |  7- 9 | 10-12 || total
-------------------------+-------+-------+-------+-------++-------
Melee: Hand axe          |   140 |   155 |   303 |   307 ||   905
       Battleaxe         |       |       |       |    14 ||    14
Invok: Berserk           |     2 |     2 |     4 |     4 ||    12
  Use: Scroll            |       |       |    17 |     6 ||    23
       Potion            |       |       |     1 |     2 ||     3
 Stab: Sleeping          |     1 |     3 |     7 |     3 ||    14
  Eat: Chunk             |     2 |    10 |     9 |     7 ||    28
       Ration            |     1 |       |     2 |     3 ||     6
Armor: Animal skin       |    45 |    40 |     7 |       ||    92
       Leather armour    |       |       |   147 |   162 ||   309
Dodge: Dodged            |   113 |   111 |   234 |   274 ||   732
